 Dungeon Crawl Stone Soup version 0.19-a0-1608-g4cf22de (webtiles) character file.

153 4thArraOfDagon the Digger (level 5, -1/41 HPs)
             Began as a Ghoul Earth Elementalist on Sept 17, 2016.
             Slain by a worker ant (6 damage)
             ... on level 6 of the Dungeon.
             The game lasted 00:07:10 (1011 turns).

4thArraOfDagon the Digger (GhEE)                    Turns: 1011, Time: 00:07:10

Health: -1/41      AC:  2    Str: 12    XL:     5   Next: 35%
Magic:  0/7        EV: 12    Int: 11    God:
Gold:   99         SH:  0    Dex:  9    Spells: 2 memorised, 4 levels left

rFire  . . .     SeeInvis .     b - 7 stones
rCold  + . .     Gourm    .     c - +0 robe
rNeg   + + +     Faith    .     (no shield)
rPois  ∞         Spirit   .     (no helmet)
rElec  .         Dismiss  .     (no cloak)
rCorr  .         Reflect  .     (no gloves)
MR     .....     Harm     .     (no boots)
Stlth  ++........               (no amulet)
                                (no ring)
                                (no ring)

@: rotting
A: rotting body, claws 1, carnivore 3, cold resistance 1, negative energy
resistance 3, slow regeneration 1, torment resistance, unbreathing
a: no special abilities


You were on level 6 of the Dungeon.
You were not hungry.

You visited 1 branch of the dungeon, and saw 6 of its levels.

You collected 99 gold pieces.

Inventory:

Hand Weapons
 g - a +1 broad axe
Missiles
 b - 7 stones (in claw)
 i - 5 javelins
Armour
 c - a +0 robe (worn)
Books
 e - a book of Geomancy

   Spells                             Type                      Level
   a - Sandblast                      Earth                        1
   b - Passwall                       Transmutation/Earth          2
   c - Stone Arrow                    Conjuration/Earth            3
   d - Petrify                        Transmutation/Earth          4
   e - Lee's Rapid Deconstruction     Earth                        5
Comestibles
 d - a meat ration


   Skills:
 + Level 2.2 Fighting
 * Level 2.7 Axes
 - Level 1.7 Dodging
 - Level 2.1 Stealth
 - Level 2.0 Spellcasting
   Level 0.8 Transmutations
 - Level 4.4 Earth Magic


You had 4 spell levels left.
You knew the following spells:

 Your Spells              Type           Power        Failure   Level  Hunger
a - Sandblast             Erth           ##....       6%          1    ##.....
b - Stone Arrow           Conj/Erth      #.....       38%         3    ####...


Dungeon Overview and Level Annotations

Branches:
Dungeon (6/15)
 Temple: D:4-7

Altars:


Innate Abilities, Weirdness & Mutations

Your body is rotting away.
You thrive on raw meat.
You are immune to poison.
You have sharp fingernails.
You are carnivorous and can eat meat at any time.
Your flesh is cold resistant. (rC+)
You are immune to negative energy. (rN+++)
You regenerate slowly when monsters are visible.
You are immune to unholy pain and torment.
You can survive without breathing.


Message History

Aim: a worker ant (heavily wounded)
The rocky blast misses the worker ant.
The worker ant closely misses you.
Casting: Sandblast
Confirm with . or Enter, or press ? or * to list all spells.
You don't have enough magic to cast that spell.
Unknown command.
The worker ant barely misses you.
Okay, then.
Casting: Sandblast
Confirm with . or Enter, or press ? or * to list all spells.
Aiming: Sandblast
Press: ? - help, Shift-Dir - straight line, f/p - worker ant
Aim: a worker ant (heavily wounded)
The rocky blast hits the worker ant.
The worker ant is heavily wounded.
The worker ant bites you!
* * * LOW HITPOINT WARNING * * *
Unknown command.
The worker ant bites you.
You die...

###.# #.#
#.#.######## #.#
#..........# #.#
#.#.######.# #$#
#.#.#.####.### #.#
#.#.#........# ####.#
#.#.#.########
#....#####.#.#.#
#......a@..#.#.#
..####...########.#.#
................ #.#
..####...####### #.#
#...##########.#
#...#..........#
#...#.##########
#####.# #####.######


You could see a worker ant.

Vanquished Creatures
  A hound (D:6)
  An iguana (D:5)
  A worker ant (D:5)
  2 gnolls (D:3)
  3 adders
  A howler monkey skeleton (D:5)
  An adder zombie (D:6)
  3 leopard geckos
  A giant cockroach (D:3)
  A goblin (D:3)
  A hobgoblin (D:3)
  2 quokkas (D:3)
  A bat (D:3)
19 creatures vanquished.

Notes
Turn   | Place    | Note
-------+----------+-------------------------------------------
     0 | D:1      | 4thArraOfDagon the Ghoul Earth Elementalist began the quest for the Orb.
     0 | D:1      | Reached XP level 1. HP: 14/14 MP: 2/2
     0 | D:1      | Ultraviolent4: wtf
     0 | D:1      | 4thArraOfDagon: sec, ill change tile
     0 | D:1      | 4thArraOfDagon: better :)
    92 | D:3      | Ultraviolent4: do you even know where the 5 button is on your keyboard?
   203 | D:3      | Reached XP level 2. HP: 17/20 MP: 1/3
   210 | D:3      | Ultraviolent4: evidently not :D
   245 | D:3      | Reached skill level 4 in Earth Magic
   253 | D:3      | 4thArraOfDagon: haha
   253 | D:3      | 4thArraOfDagon: actually my 8 button is trashed
   253 | D:3      | 4thArraOfDagon: 5 is just fine
   291 | D:3      | Reached XP level 3. HP: 16/26 MP: 2/5
   380 | D:4      | Ultraviolent4: !hs * ghee
   380 | D:4      | beem: 2761. WhiteShark the Conqueror (L27 GhEE of Makhleb), escaped with the Orb and 15 runes on 2016-05-07 07:41:07, with 19321939 points after 79357 turns and 5:20:26.
   431 | D:5      | Entered Level 5 of the Dungeon
   478 | D:5      | Reached skill level 1 in Axes
   497 | D:5      | Reached XP level 4. HP: 29/34 MP: 1/6
   574 | D:5      | Reached skill level 1 in Fighting
   594 | D:5      | 4thArraOfDagon: this is doable!
   631 | D:5      | Ultraviolent4: jinxed
   743 | D:5      | hyperhazel: isn't your turncount with ghouls mostly dependant on being able to kill your opponents? at least until you get regen
   837 | D:5      | Ultraviolent4: no
   837 | D:5      | Reached XP level 5. HP: 20/41 MP: 0/7
   896 | D:6      | Ultraviolent4: it id dependent on how fast you can get the runes
   900 | D:6      | Ultraviolent4: xD
   926 | D:6      | hyperhazel: i see!
   972 | D:6      | Learned a level 3 spell: Stone Arrow
   991 | D:6      | hyperhazel: crap, i've been doing it wrong all the time, thanks
  1011 | D:6      | Slain by a worker ant

Vault maps used:
D:1:      minmay_arrival_split_and_join, st_stairs_14,
          minmay_misc_feat_nine_boxes
D:2:      uniq_natasha
D:3:      wad_woods_tower, first_bread, minmay_item_behind_shaft
D:4:      serial_shops, shop
D:5:      kennysheep_generic_room_4
D:6:      serial_shops, nicolae_shop_statue_plus

Skill      XL: |  1  2  3  4  5 |
---------------+----------------+-----
Spellcasting   | 2 |  2.0
Earth Magic    | 4 |  4.4
Axes           | 1 2 |  2.7
Fighting       | 1 2 |  2.2
Dodging        | |  1.7
Stealth        | |  2.1
Transmutations | |  0.8

Action                   |  1- 3 |  4- 6 || total
-------------------------+-------+-------++-------
Melee: Unarmed           |    11 |       ||    11
       Broad axe         |    17 |     8 ||    25
 Cast: Sandblast         |    20 |    37 ||    57
  Use: Scroll            |       |     4 ||     4
 Stab: Sleeping          |       |     3 ||     3
  Eat: Chunk             |     7 |     6 ||    13
Armor: Robe              |     6 |     2 ||     8
Dodge: Dodged            |    33 |    23 ||    56
